 Dungeon Crawl Stone Soup version 0.23.2-33-g5129a83184 (webtiles) character file.

Game seed: 7219881902777133057

6797 H0rd4k the Thaumaturge (level 10, -1/53 HPs)
             Began as a Deep Elf Wizard on July 2, 2019.
             Was a Priest of Sif Muna.
             Slain by an unseen horror (8 damage)
             ... on level 11 of the Dungeon on July 3, 2019.
             The game lasted 00:35:14 (10886 turns).

H0rd4k the Thaumaturge (Deep Elf Wizard)           Turns: 10886, Time: 00:35:14

Health: -1/53      AC:  9    Str:  4    XL:     10   Next: 76%
Magic:  31/39      EV: 14    Int: 27    God:    Sif Muna [***...]
Gold:   729        SH:  0    Dex: 13    Spells: 22/37 levels left

rFire    . . .     SeeInvis .   x - staff of conjuration
rCold    . . .     Gourm    .   (no shield)
rNeg     . . .     Faith    .   a - +0 robe
rPois    .         Spirit   .   b - +1 hat
rElec    .         Reflect  .   (no cloak)
rCorr    .         Harm     .   (no gloves)
MR       +....                  (no boots)
Stlth    +++.......             o - amulet of magic regeneration
HPRegen  0.17/turn              g - +6 ring of protection
MPRegen  0.51/turn              m - ring of magical power

@: hasted, very quick
A: no striking features
a: Divine Energy, Channel Magic, Renounce Religion


You were on level 11 of the Dungeon.
You worshipped Sif Muna.
Sif Muna was most pleased with you.
You were not hungry.

You visited 2 branches of the dungeon, and saw 12 of its levels.

You collected 729 gold pieces.

Inventory:

Armour
 a - a +0 robe (worn)
 b - a +1 hat (worn)
Magical Staves
 x - an uncursed staff of conjuration (weapon)
 F - an uncursed staff of wizardry
Jewellery
 g - a +6 ring of protection (left hand)
 h - an uncursed ring of protection from fire
 m - a ring of magical power (right hand)
 n - a +5 ring of strength
 o - an amulet of magic regeneration (around neck)
 p - an uncursed ring of resist corrosion
 s - an uncursed ring of flight
Wands
 w - a wand of flame (36)
 A - a wand of scattershot (2)
 C - a wand of polymorph (11)
 G - a wand of paralysis (8)
Scrolls
 c - 7 scrolls of identify
 q - 5 scrolls of remove curse
 y - a scroll of noise
 D - 3 scrolls of teleportation
Potions
 e - a potion of flight {unknown}
 f - 2 potions of brilliance
 i - a potion of magic {unknown}
 j - a potion of cancellation {unknown}
 k - 2 potions of curing
 l - 2 potions of berserk rage {unknown}
 r - a potion of agility {unknown}
 t - 2 potions of haste
 u - a potion of lignification {unknown}
 v - a potion of resistance {unknown}
Comestibles
 d - 21 rations
 H - 2 chunks of flesh


   Skills:
 + Level 2.0 Fighting
 + Level 5.0 Dodging
 + Level 4.4 Stealth
 + Level 14.1 Spellcasting
 + Level 9.8 Conjurations
   Level 1.1 Summonings
 + Level 2.5 Translocations
 + Level 3.4 Fire Magic
 + Level 3.2 Air Magic
 + Level 3.8 Poison Magic
 + Level 1.2 Evocations


You had 22 spell levels left.
You knew the following spells:

 Your Spells              Type           Power        Failure   Level  Hunger
a - Magic Dart            Conj           ####         1%          1    None
b - Blink                 Tloc           N/A          1%          2    None
c - Conjure Flame         Conj/Fire      ######..     1%          3    None
d - Poisonous Vapours     Pois/Air       #####.       1%          2    None
e - Ring of Flames        Chrm/Fire      ####......   100%        7    ######.

Your spell library contained the following spells:

 Spells                   Type           Power        Failure   Level  Hunger
 Apportation              Tloc           ####..       1%          1    None
 Summon Butterflies       Summ           ####....     1%          1    None
 Mephitic Cloud           Conj/Pois/Air  ######..     1%          3    None
 Animate Skeleton         Necr           N/A          2%          1    None
 Infusion                 Chrm           ###.         2%          1    None
 Pain                     Necr           ###.         2%          1    None
 Call Imp                 Summ           ####....     2%          2    None
 Shroud of Golubria       Chrm/Tloc      ####......   2%          2    None
 Lesser Beckoning         Tloc           ####......   3%          3    None
 Slow                     Hex            ###.....     4%          2    None
 Song of Slaying          Chrm           ###.....     4%          2    None
 Regeneration             Chrm/Necr      ###.......   9%          3    None
 Spectral Weapon          Hex/Chrm       ###.....     9%          3    None
 Tukima's Dance           Hex            ###.....     9%          3    None
 Vampiric Draining        Necr           ###.......   9%          3    None
 Animate Dead             Necr           N/A          28%         4    None
 Alistair's Intoxication  Tmut/Pois      ####....     34%         5    #......
 Freezing Cloud           Conj/Ice/Air   ######....   58%         6    ####...
 Invisibility             Hex            ###.....     99%         6    ####...


Dungeon Overview and Level Annotations

Branches:
Dungeon (11/15)            Temple (1/1) D:7            Lair (0/6) D:8
    Orc: D:9-12

Altars:
Ashenzari
Cheibriados
Dithmenos
Elyvilon
Fedhas
Gozag
Hepliaklqana
Kikubaaqudgha
Makhleb
Nemelex Xobeh
Okawaru
Qazlal
Ru
Sif Muna
Trog
Uskayaw
Vehumet
Wu Jian
Xom
Yredelemnul
Zin

Shops:
D:8 (

Annotations:
D:2 exclusion: downstairs, Terence
D:6 exclusions: Sigmund, downstairs and upstairs
D:7 exclusion: downstairs
D:10 exclusion: 2 downstairs


Message History

Aiming: Magic Dart (safe; 1% risk of failure)
Press: ? - help, Shift-Dir - straight line You feel a surge of power!
The magic dart hits something.
Something barely misses you.
Casting: Magic Dart (safe; 1% risk of failure)
Confirm with . or Enter, or press ? or * to list all spells.
Aiming: Magic Dart (safe; 1% risk of failure)
Press: ? - help, Shift-Dir - straight line You feel a surge of power!
Something hits you but does no damage.
Casting: Magic Dart (safe; 1% risk of failure)
Confirm with . or Enter, or press ? or * to list all spells.
Aiming: Magic Dart (safe; 1% risk of failure)
Press: ? - help, Shift-Dir - straight line You feel a surge of power!
Something hits you!
* * * LOW HITPOINT WARNING * * *
Casting: Magic Dart (safe; 1% risk of failure)
Confirm with . or Enter, or press ? or * to list all spells.
You blink.
It was a potion of haste.
You feel yourself speed up. Something hits you!
You die...

. ###### .#
.....##### ##..#
#...@.# ....# #
###.....#
.......#.##.......#
...#....W○§.#.....#
##.#.....####.....#
####.......#####
......###.##
#.#.#.# ##.## #
#..# ##.####


There were no monsters in sight!

Vanquished Creatures
  A hydra (D:9)
  A centaur zombie (D:10)
  A troll (D:9)
  2 dream sheep (D:9)
  Sigmund (D:6)
  2 yaks (D:9)
  A wyvern (D:8)
  A hungry ghost (D:8)
  An ice beast (D:9)
  2 porcupines (D:8)
  4 orc warriors
  2 phantoms
  3 sky beasts
  A black bear (D:10)
  2 ogres (D:4)
  4 centaurs
  A crocodile (D:8)
  3 big kobolds (D:9)
  4 bullfrogs
  3 scorpions
  14 killer bees
  4 wights (D:8)
  2 howler monkeys (D:6)
  4 crimson imps
  A bullfrog zombie (D:8)
  3 hounds
  2 centaur skeletons
  6 jellies
  4 orc priests
  2 orc wizards
  6 worker ants
  4 iguanas
  A hound zombie (D:8)
  A hound skeleton (D:7)
  A worker ant zombie (D:9)
  8 gnolls
  6 adders
  A river rat (D:3)
  A shadow imp (D:6)
  An ooze (D:3)
  2 adder skeletons
  An adder zombie (D:8)
  2 worms
  2 dart slugs
  6 leopard geckos
  22 orcs
  11 giant cockroaches
  10 hobgoblins
  9 jackals
  5 kobolds
  3 quokkas
  4 ball pythons (D:3)
  9 bats
  5 frilled lizards
  8 goblins
  A leopard gecko zombie (D:9)
  A quokka zombie (D:7)
  10 rats
223 creatures vanquished.

Vanquished Creatures (others)
  A bullfrog skeleton (D:6)
  4 fungi
  2 plants
7 creatures vanquished.

Grand Total: 230 creatures vanquished

Notes
Turn   | Place    | Note
-------+----------+-------------------------------------------
     0 | D:1      | H0rd4k the Deep Elf Wizard began the quest for the Orb.
     0 | D:1      | Reached XP level 1. HP: 10/10 MP: 7/7
   765 | D:1      | Reached skill level 5 in Spellcasting
   898 | D:1      | Reached XP level 2. HP: 15/15 MP: 6/10
  1337 | D:1      | Reached XP level 3. HP: 19/19 MP: 6/11
  1342 | D:1      | Learned a level 2 spell: Blink
  1346 | D:1      | Learned a level 3 spell: Conjure Flame
  1863 | D:2      | Noticed Terence
  2130 | D:3      | Reached skill level 6 in Spellcasting
  2146 | D:3      | Reached XP level 4. HP: 23/24 MP: 14/14
  2469 | D:3      | You fall through a shaft for 2 floors!
  2469 | D:5      | Entered Level 5 of the Dungeon
  2699 | D:4      | Found a blossoming altar of Fedhas.
  2810 | D:3      | Reached XP level 5. HP: 22/28 MP: 16/16
  3073 | D:4      | Noticed an ogre
  3095 | D:5      | Noticed a centaur
  3095 | D:5      | Noticed a sky beast
  3110 | D:4      | Killed an ogre
  3110 | D:4      | Reached skill level 7 in Spellcasting
  3110 | D:4      | Reached XP level 6. HP: 17/33 MP: 18/18
  3363 | D:4      | Found a sparkling altar of Nemelex Xobeh.
  3493 | D:4      | Reached skill level 8 in Spellcasting
  3799 | D:4      | Found a hazy altar of Hepliaklqana.
  3914 | D:4      | Found a snail-covered altar of Cheibriados.
  3914 | D:4      | Found an ornate altar of the Wu Jian Council.
  3915 | D:4      | Found a shattered altar of Ashenzari.
  3941 | D:4      | Found a stormy altar of Qazlal.
  4185 | D:5      | Reached XP level 7. HP: 37/37 MP: 20/20
  4221 | D:5      | Reached skill level 5 in Conjurations
  4263 | D:6      | Noticed Sigmund
  5077 | D:5      | Reached skill level 9 in Spellcasting
  5221 | D:5      | Reached XP level 8. HP: 13/42 MP: 23/23
  5614 | D:5      | Learned a level 2 spell: Poisonous Vapours
  5622 | D:5      | Learned a level 7 spell: Ring of Flames
  5898 | D:6      | Reached skill level 10 in Spellcasting
  5955 | D:6      | Reached skill level 1 in Fighting
  5955 | D:6      | Reached skill level 1 in Fire Magic
  5955 | D:6      | Reached skill level 1 in Poison Magic
  6182 | D:6      | Reached skill level 1 in Air Magic
  6200 | D:6      | Killed Sigmund
  6344 | D:6      | HP: 2/43 [killer bee (5)]
  7028 | D:7      | Found a blossoming altar of Fedhas.
  7066 | D:7      | Found a staircase to the Ecumenical Temple.
  7150 | D:7      | Reached skill level 11 in Spellcasting
  7150 | D:7      | Reached XP level 9. HP: 47/47 MP: 24/26
  7434 | Temple   | Entered the Ecumenical Temple
  7527 | Temple   | Became a worshipper of Sif Muna the Loreminder
  7737 | D:8      | Found Taso's Weapon Boutique.
  8178 | D:8      | Reached skill level 1 in Evocations
  8558 | D:8      | Reached * piety under Sif Muna
  8758 | D:8      | Found a staircase to the Lair.
  8893 | D:9      | Reached skill level 12 in Spellcasting
  9022 | D:9      | Reached XP level 10. HP: 30/53 MP: 27/28
  9259 | D:9      | Reached ** piety under Sif Muna
  9313 | D:9      | Noticed a three-headed hydra
  9338 | D:9      | Killed a three-headed hydra
  9338 | D:9      | Reached skill level 13 in Spellcasting
  9707 | D:9      | Got an ivory mace
  9708 | D:9      | Identified the +4 mace of Niatom {flame, rF+} (You found it
                  | on level 9 of the Dungeon)
 10003 | D:9      | Reached skill level 5 in Dodging
 10065 | D:10     | Entered Level 10 of the Dungeon
 10185 | D:10     | Reached *** piety under Sif Muna
 10277 | D:10     | Reached skill level 14 in Spellcasting
 10661 | D:11     | Noticed a cyclops
 10679 | D:11     | Noticed a two-headed ogre
 10886 | D:11     | Slain by an unseen horror

Skill      XL: |  1  2  3  4  5  6  7  8  9 10 |
---------------+-------------------------------+-----
Spellcasting   | 5 6 7 8 9 11 12 14 | 14.1
Conjurations   | 2 3 4 6 7 8 9 |  9.8
Stealth        | 3 4 |  4.4
Dodging        | 3 4 5 |  5.0
Fighting       | 1 2 |  2.0
Fire Magic     | 1 2 3 |  3.4
Poison Magic   | 2 3 |  3.8
Air Magic      | 2 3 |  3.2
Evocations     | 1 |  1.2
Translocations | 2 |  2.5
Summonings     | |  1.1

Action                   |  1- 3 |  4- 6 |  7- 9 | 10-12 || total
-------------------------+-------+-------+-------+-------++-------
Melee: Unarmed           |       |     1 |       |       ||     1
       Staff             |       |       |     2 |       ||     2
 Cast: Magic Dart        |   113 |   184 |   432 |   226 ||   955
       Conjure Flame     |     1 |     6 |    31 |    12 ||    50
       Blink             |       |     3 |     7 |     6 ||    16
       Poisonous Vapours |       |       |     5 |     2 ||     7
Evoke: Wand              |       |       |    13 |       ||    13
  Use: Scroll            |       |     7 |     1 |     4 ||    12
       Potion            |       |       |     4 |     2 ||     6
  Eat: Chunk             |     3 |     5 |     9 |     6 ||    23
       Ration            |       |     1 |     1 |       ||     2
Armor: Robe              |     3 |     4 |    21 |    26 ||    54
Dodge: Dodged            |    17 |    36 |    95 |    44 ||   192
